 Seeded DCSS version 0.28.0-62-gf88900778d (webtiles) character file.

Game seed: 10524674902845024632 (custom seed)

6388 cbfl8 the Basher (level 10, -4/54 HPs)
             Began as a Gargoyle Fighter on July 6, 2023.
             Was a Follower of Hepliaklqana.
             Slain by a wolf (9 damage)
             ... led by Grum
             ... on level 9 of the Dungeon.
             The game lasted 00:15:23 (12609 turns).

cbfl8 the Basher (Gargoyle Fighter)                Turns: 12609, Time: 00:15:23

Health: -4/54      AC: 19    Str: 19    XL:     10   Next: 97%
Magic:  10/10      EV:  5    Int: 10    God:    Hepliaklqana [*.....]
Gold:   1788       SH: 14    Dex: 13    Spells: 9/9 levels left

rFire   . . .      SeeInvis .   k - +3 morningstar
rCold   . . .      Faith    +   z - +0 tower shield
rNeg    + . .      Spirit   .   e - +0 chain mail
rPois   ∞          Reflect  .   h - +0 hat {Stlth+}
rElec   +          Harm     .   (no cloak)
rCorr   .          Rampage  .   u - +0 pair of gloves
Will    .....                   (no boots)
Stlth   +.........              b - amulet of faith
HPRegen 0.18/turn               (no ring)
MPRegen 0.12/turn               (no ring)

@: brilliant, studying Maces & Flails, invisible
A: reduced essence, sickness immunity, AC +7, negative energy resistance 1,
electricity resistance, torment resistance 1, petrification resistance
a: Renounce Religion, Recall Ancestor, Ancestor Identity


You were on level 9 of the Dungeon.
You worshipped Hepliaklqana.
Hepliaklqana was aware of your devotion.
You visited 2 branches of the dungeon, and saw 10 of its levels.
You also visited: Sewer and Bailey.

You collected 1830 gold pieces.
You spent 42 gold pieces at shops.

Inventory:

Hand Weapons
 k - a +3 morningstar (weapon)
Missiles
 n - 2 throwing nets
Armour
 e - a +0 chain mail (worn)
 h - a +0 hat of stealth (worn)
 u - a +0 pair of gloves (worn)
 y - a +0 helmet
 z - a +0 tower shield (worn)
Jewellery
 b - an amulet of faith (around neck)
 i - an amulet of regeneration
Wands
 r - a wand of flame (37)
Scrolls
 a - a scroll of fog
 o - 3 scrolls of enchant armour
 p - a scroll of brand weapon {unknown}
 s - a scroll of immolation
 v - a scroll of silence
 x - a scroll of vulnerability {unknown}
Potions
 c - a potion of lignification {unknown}
 d - a potion of magic
 g - 2 potions of cancellation
 l - a potion of brilliance
 m - a potion of berserk rage {unknown}
 q - a potion of mutation {unknown}
 t - 2 potions of attraction


   Skills:
 + Level 6.0 Fighting
 + Level 10.1 Maces & Flails
 * Level 5.3 Throwing
 + Level 7.1 Armour
 + Level 1.7 Dodging
 + Level 5.2 Stealth
 + Level 7.1 Shields
 * Level 6.1 Evocations


You had 9 spell levels left.
You didn't know any spells.
Your spell library contained the following spells:

 Spells                   Type           Power      Damage    Failure   Level
 Corpse Rot               Necr/Air       0%         N/A       100%        2
 Poisonous Vapours        Pois/Air       0%         N/A       100%        2
 Scorch                   Fire           0%         2d5       100%        2
 Dispel Undead            Necr           0%         3d6       100%        4
 Flame Wave               Conj/Fire      0%         2d4       100%        4
 Death Channel            Necr           0%         N/A       100%        6
 Summon Cactus Giant      Summ           0%         N/A       100%        6


Dungeon Overview and Level Annotations

Branches:
Dungeon (9/15)             Temple (1/1) D:6           Sewer (visited)
 Bailey (visited)
   Lair: D:8-11         Orc: D:9-12

Altars:
Ashenzari
Cheibriados
Elyvilon
Fedhas
Hepliaklqana
Kikubaaqudgha
Nemelex Xobeh
Okawaru
Qazlal
Sif Muna
Trog
Uskayaw
Wu Jian
Yredelemnul

Shops:
D:2 *

Annotations:
D:8 Grum, Psyche


Innate Abilities, Weirdness & Mutations

Your life essence is reduced to manifest your ancestor. (-10% HP)
You are immune to sickness and miasma.
Your stone body is resilient. (AC +7)
You are immune to poison.
You resist negative energy. (rN+)
You are resistant to electric shocks. (rElec)
You are resistant to unholy torment.
You are immune to petrification.


Message History

The wolf bites you.
The howler monkey hoots and howls with incredible vigour!
The orc hits you but does no damage.
You feel less confused. You block the necrophage's attack.
You block the wolf's attack. You block the necrophage's attack.
The wolf barely misses you.
Grum hits you from afar with a +1 spear of venom!
* * * LOW HITPOINT WARNING * * *
You block the orc priest's attack.
Leofric barely misses something.
Something barely misses Leofric.
There is a stone staircase leading down here.
The wolf bites Leofric!
You block the wolf's attack.
The howler monkey hoots and howls with incredible vigour!
Something closely misses Leofric.
The wolf barely misses Leofric.
The necrophage hits you but does no damage.
You block Grum's attack. The wolf bites you.
* * * LOW HITPOINT WARNING * * *
Leofric hits something!
You hear some strange, mumbled words.
A swirling arc of seething chaos appears!
An arc of chaos appears from out of thin air!
The arc of chaos hits the orc warrior.
The orc warrior seems to slow down.
The arc of chaos hits the necrophage.
You climb downwards.
Reactivating autopickup.
Found a scroll of identify.
There is a stone staircase leading up here.
It was a potion of brilliance.
You feel clever all of a sudden. The wolf barely misses you.
You block the necrophage's attack.
The orc priest hits you but does no damage.
The wolf barely misses you.
It was a potion of magic.
Magic courses through your body. You block the wolf's attack.
You block the necrophage's attack. You block the orc priest's attack.
Unknown command.
It was a potion of invisibility.
You fade into invisibility!
The wolf bites you!
You die...

##########
#....@n..#
#...oh.?.#
#........#
#........#
#..........
#........###
#........#
#........#


You could see a necrophage, a wolf and an orc priest.

Vanquished Creatures
  Gastronok (D:8)
  An orc warlord (Bailey)
  2 orc knights (Bailey)
  Grinder (D:5)
  3 yaks
  Eustachio (D:5)
  A water moccasin (D:5)
  An ice beast (D:7)
  3 orc warriors
  A black bear (D:8)
  5 ogres
  2 centaurs
  4 bullfrogs
  2 scorpions
  A wyvern skeleton (D:6)
  A water moccasin skeleton (D:5)
  3 jellies
  A bullfrog zombie (D:6)
  4 hounds
  3 orc priests (D:5)
  A centaur skeleton (D:5)
  4 iguanas
  4 orc wizards
  A hell rat (Sewer)
  A scorpion zombie (D:5)
  5 gnolls
  A howler monkey skeleton (D:5)
  2 river rats
  7 adders
  A white imp (D:6)
  6 worms
  4 dart slugs
  14 orcs
  7 endoplasms
  3 giant cockroaches
  6 goblins
  18 hobgoblins
  17 kobolds
  2 quokkas (D:1)
  7 ball pythons
  5 bats
  2 frilled lizards
  15 rats
174 creatures vanquished.

Vanquished Creatures (collateral kills)
  A wraith (D:7)
  A yak (D:7)
  A bullfrog (D:7)
  A howler monkey (D:8)
  An orc priest (D:8)
  A gnoll (Bailey)
6 creatures vanquished.

Vanquished Creatures (others)
  4 ancestors
4 creatures vanquished.

Grand Total: 184 creatures vanquished

Notes
Turn   | Place    | Note
-------+----------+-------------------------------------------
     0 | D:1      | cbfl8 the Gargoyle Fighter began the quest for the Orb.
     0 | D:1      | Reached XP level 1. HP: 14/14 MP: 1/1
   204 | D:2      | Reached XP level 2. HP: 11/19 MP: 2/2
   856 | D:1      | Reached skill level 1 in Evocations
  1007 | D:1      | Reached XP level 3. HP: 23/23 MP: 3/3
  1308 | D:2      | Found a faded altar of an unknown god.
  1684 | D:2      | Reached XP level 4. HP: 28/28 MP: 4/4
  1744 | D:2      | Found Jozuutto's General Store.
  1783 | D:2      | Bought a scroll of teleportation for 42 gold pieces
  2395 | D:3      | Reached skill level 3 in Maces & Flails
  2436 | D:3      | Reached XP level 5. HP: 17/33 MP: 5/5
  2535 | D:3      | Found a glowing drain.
  2603 | Sewer    | Entered a sewer
  3327 | D:3      | Identified a scroll of acquirement
  3329 | D:3      | Acquired 696 gold pieces
  3738 | D:3      | Identified the +9 falchion "Dedoghuv" {spect, rC+}
  3858 | D:4      | Found a stormy altar of Qazlal.
  3966 | D:4      | Noticed an ogre
  4182 | D:4      | Killed an ogre
  4183 | D:4      | Reached XP level 6. HP: 13/38 MP: 6/6
  4203 | D:4      | Reached skill level 4 in Maces & Flails
  4875 | D:5      | Entered Level 5 of the Dungeon
  5066 | D:5      | Noticed Grinder
  5084 | D:5      | Killed Grinder
  5085 | D:5      | Reached skill level 1 in Throwing
  5085 | D:5      | Reached skill level 1 in Stealth
  5085 | D:5      | Reached XP level 7. HP: 23/43 MP: 7/7
  5244 | D:5      | Reached skill level 5 in Armour
  5398 | D:5      | Reached skill level 1 in Dodging
  6106 | D:5      | Found a blossoming altar of Fedhas.
  6107 | D:5      | Found an ancient bone altar of Kikubaaqudgha.
  6177 | D:5      | Reached XP level 8. HP: 18/48 MP: 8/8
  6425 | D:5      | Noticed Eustachio
  6447 | D:5      | Killed Eustachio
  6448 | D:5      | Reached skill level 5 in Maces & Flails
  8509 | D:6      | Reached skill level 6 in Maces & Flails
  8509 | D:6      | Reached XP level 9. HP: 45/53 MP: 9/9
  8688 | D:6      | Found a snail-covered altar of Cheibriados.
  9090 | D:6      | Found a staircase to the Ecumenical Temple.
  9134 | D:6      | Reached skill level 5 in Fighting
  9394 | Temple   | Entered the Ecumenical Temple
  9401 | Temple   | Became a worshipper of Hepliaklqana the Forgotten
  9555 | D:7      | Reached skill level 5 in Shields
  9560 | D:7      | Acquired a manual of Maces & Flails
  9845 | D:7      | Found a flagged portal.
  9938 | Bailey   | Entered a bailey
  9944 | Bailey   | Noticed an orc warlord
 10289 | Bailey   | Reached * piety under Hepliaklqana
 10291 | Bailey   | Noticed an orc knight
 10318 | Bailey   | Killed an orc knight
 10385 | Bailey   | Reached skill level 7 in Maces & Flails
 10577 | Bailey   | Found a runed translucent gate.
 10580 | Bailey   | Found a runed translucent gate.
 10582 | Bailey   | Found a runed translucent gate.
 10634 | Bailey   | Noticed an orc knight
 10642 | Bailey   | Killed an orc knight
 10643 | Bailey   | Reached skill level 5 in Evocations
 11130 | Bailey   | Killed an orc warlord
 11131 | Bailey   | Reached skill level 8 in Maces & Flails
 11131 | Bailey   | Reached XP level 10. HP: 52/54 MP: 10/10
 11158 | Bailey   | Acquired 678 gold pieces
 11282 | D:7      | Found a sparkling altar of Nemelex Xobeh.
 11811 | D:8      | Found a bloodstained altar of Trog.
 11829 | D:8      | Noticed Gastronok
 11846 | D:8      | Killed Gastronok
 11847 | D:8      | Reached skill level 9 in Maces & Flails
 11847 | D:8      | Reached skill level 5 in Throwing
 11847 | D:8      | Reached skill level 5 in Stealth
 12355 | D:7      | Reached skill level 10 in Maces & Flails
 12592 | D:8      | Noticed Psyche
 12592 | D:8      | Noticed Grum
 12609 | D:9      | Slain by a wolf

Illustrated notes

Levels and vault maps discovered:
D:1:      scummos_arrival_hexagon, layout_basic
D:2:      layout_rooms, serial_shops, shop_statue, basic_ecumenical_altar,
          serial_park_tiny_2
D:3:      layout_basic, lightli_sewer_entry_pipes
D:4:      layout_loops_ring, mainiacjoe_overflow_alcove_1, dk_noncrumbling_3,
          chequers_garden
D:5:      layout_basic, grunt_temple_overflow_growth_and_decay, uniq_eustachio,
          uniq_grinder
D:6:      layout_rooms, lemuel_coloured_pillars_altar,
          minmay_temple_entry_enclosed_plants
D:7:      layout_basic, lemuel_crystal_altar, enter_bailey_4
D:8:      layout_basic, mainiacjoe_overflow_large_starburst,
          minmay_misc_feat_columns, uniq_maurice, uniq_grum, uniq_psyche,
          uniq_gastronok
D:9:      layout_roguey, nicolae_ru_great_annihilating_truth, dpeg_oklobed_lair,
          uniq_pikel, uniq_maggie
Temple:   cyrus_circular_temple

Skill      XL: |  1  2  3  4  5  6  7  8  9 10 |
---------------+-------------------------------+-----
Evocations     | 1 2 3 4 5 6 |  6.1
Maces & Flails | 3 4 6 8 10 | 10.1
Armour         | 4 5 6 7 |  7.1
Shields        | 4 6 7 |  7.1
Fighting       | 4 5 6 |  6.0
Throwing       | 1 3 4 5 |  5.3
Stealth        | 1 2 3 4 5 |  5.2
Dodging        | 1 |  1.7

Action                   |  1- 3 |  4- 6 |  7- 9 | 10-12 || total
-------------------------+-------+-------+-------+-------++-------
Melee: Flail             |   106 |   242 |   112 |       ||   460
       Morningstar       |       |       |   190 |    80 ||   270
Invok: Ancestor Identity |       |       |       |     1 ||     1
Evoke: Wand              |       |     2 |    18 |       ||    20
  Use: Potion            |     1 |     1 |     4 |     8 ||    14
       Scroll            |       |     9 |     8 |     2 ||    19
 Stab: Paralysed         |       |     6 |    15 |       ||    21
       Distracted        |       |       |     1 |     1 ||     2
Armor: Scale mail        |    54 |       |       |       ||    54
       Chain mail        |    26 |   133 |   257 |    76 ||   492
Dodge: Dodged            |    63 |    85 |   105 |    23 ||   276
Block: Buckler           |    29 |    47 |    58 |       ||   134
       Tower shield      |       |       |   145 |    97 ||   242
